 Dungeon Crawl Stone Soup version 0.28-a0-850-g09de17f5b5 (webtiles) character file.

Game seed: 16167706012497698431

3136 pokeman the Thaumaturge (level 9, -3/51 HPs)
             Began as a Deep Elf Hedge Wizard on Nov 13, 2021.
             Was a Believer of Vehumet.
             Succumbed to a water moccasin's poison
             ... on level 7 of the Dungeon.
             The game lasted 00:16:26 (7750 turns).

pokeman the Thaumaturge (Deep Elf Hedge Wizard)     Turns: 7750, Time: 00:16:27

Health: -3/51      AC:  4    Str: 13    XL:     9   Next: 61%
Magic:  25/26      EV: 12    Int: 23    God:    Vehumet [**....]
Gold:   335        SH:  0    Dex: 14    Spells: 15/31 levels left

rFire   . . .      SeeInvis .   h - +0 dagger (venom)
rCold   . . .      Faith    .   (no shield)
rNeg    . . .      Spirit   .   r - +0 leather armour
rPois   .          Reflect  .   c - +0 hat
rElec   .          Harm     .   (no cloak)
rCorr   .          Rampage  .   z - +0 pair of gloves
Will    .....                   (no boots)
Stlth   ++........              f - amulet of magic regeneration
HPRegen 0.17/turn               p - +6 ring of strength
MPRegen 0.45/turn               (no ring)

@: mighty, lethally poisoned (-3 -> -25)
A: no striking features
a: Renounce Religion


You were on level 7 of the Dungeon.
You worshipped Vehumet.
Vehumet was pleased with you.
You visited 1 branch of the dungeon, and saw 7 of its levels.

You collected 335 gold pieces.

Inventory:

Hand Weapons
 h - a +0 dagger of venom (weapon)
 x - the +2 whip of Contention {elec, rElec rC+ rN+ Dex-5}
   (You took it off a goblin on level 4 of the Dungeon)

   It occasionally discharges a powerful burst of electricity upon striking a
   foe.
   Dex:       It affects your dexterity (-5).
   rC:        It protects you from cold.
   rElec:     It insulates you from electricity.
   rN:        It protects you from negative energy.
Missiles
 g - 99 arrows
 k - 42 bolts
Armour
 c - a +0 hat (worn)
 r - a +0 leather armour (worn)
 z - a +0 pair of gloves (worn)
Jewellery
 f - an amulet of magic regeneration (around neck)
 p - a +6 ring of strength (left hand)
 G - a ring of ice
Wands
 n - a wand of acid (3)
 w - a wand of paralysis (13)
 B - a wand of charming (6)
 C - a wand of flame (22)
 D - a wand of iceblast (8)
Scrolls
 a - a scroll of fear {unknown}
 b - 3 scrolls of magic mapping {unknown}
 e - 2 scrolls of enchant armour {unknown}
 i - a scroll of summoning {unknown}
 j - 11 scrolls of identify {unknown}
 o - 2 scrolls of fog {unknown}
 t - 2 scrolls of noise {unknown}
 v - a scroll of teleportation {unknown}
 y - 2 scrolls of immolation {unknown}
Potions
 d - 2 potions of haste {unknown}
 l - 2 potions of degeneration {unknown}
 m - 2 potions of might
 q - a potion of ambrosia {unknown}
 s - a potion of curing {unknown}
 u - a potion of invisibility {unknown}
 A - 3 potions of attraction {unknown}
 E - a potion of mutation {unknown}
 F - a potion of heal wounds {unknown}


   Skills:
 + Level 3.3 Fighting
 - Level 3.0 Armour
 - Level 3.0 Dodging
 - Level 3.0 Stealth
 * Level 11.9 Spellcasting
 + Level 6.7 Conjurations
 - Level 1.1 Summonings
 - Level 1.1 Translocations
 + Level 5.7 Fire Magic
 - Level 1.0 Air Magic
 - Level 1.0 Poison Magic
 - Level 1.1 Evocations


You had 15 spell levels left.
You knew the following spells:

 Your Spells              Type           Power      Damage    Failure   Level
a - Magic Dart            Conj           100%       1d8       1%          1
b - Mephitic Cloud        Conj/Pois/Air  27%        N/A       5%          3
c - Call Imp              Summ           18%        N/A       5%          2
d - Blink                 Tloc           36%        N/A       5%          2
e - Conjure Flame         Conj/Fire      42%        6-21      1%          3
f - Foxfire               Conj/Fire      100%       2x1d9     1%          1
g - Flame Wave            Conj/Fire      42%        3d8       4%          4

Your spell library contained the following spells:

 Spells                   Type           Power      Damage    Failure   Level
 Searing Ray              Conj           88%        2d7       1%          2
 Inner Flame              Hex/Fire       27%        N/A       5%          3
 Animate Skeleton         Necr           26%        N/A       6%          1
 Pain                     Necr           52%        1d6       6%          1
 Slow                     Hex            52%        N/A       6%          1
 Vampiric Draining        Necr           13%        2d6       19%         3


Dungeon Overview and Level Annotations

Branches:
Dungeon (7/15)             Temple (0/1) D:4

Altars:
Makhleb
Vehumet

Shops:
D:4 (


Message History

The bullfrog misses the kobold brigand.
Unknown command.
The kobold brigand unwields a +0 dagger.
The kobold brigand wields a +0 hand crossbow.
The kobold brigand shoots a bolt.
The bolt hits you!
Casting: Foxfire (safe; 1% risk of failure)
Confirm with . or Enter, or press ? or * to list all spells.
A beastly little devil appears in a puff of flame.
The kobold brigand shoots a bolt.
The bolt hits you!
The kobold brigand shoots a bolt.
The bolt hits you!
You swap places.
A water moccasin comes into view.
Something hits the kobold brigand!
The kobold brigand shoots a bolt.
The bolt hits your crimson imp!
Something hits the kobold brigand.
Unknown command.
Casting: Call Imp (safe; 6% risk of failure)
Confirm with . or Enter, or press ? or * to list all spells.
The fire begins to smoulder!
Vehumet accepts your kill.
You feel a bit more experienced.
The kobold brigand shoots a bolt.
The bolt hits your crimson imp!
Your crimson imp dies!
Your crimson imp disappears in a puff of smoke!
The kobold brigand shoots a bolt.
The bolt hits you.
The fire ignites!
The kobold brigand shoots a bolt.
The bolt closely misses you. The water moccasin bites you.
You are poisoned.
The water moccasin poisons you!
* * * LOW HITPOINT WARNING * * *
You feel very sick. The water moccasin bites you.
* * * LOW HITPOINT WARNING * * *
You are more poisoned.
The water moccasin poisons you!
* * * LOW HITPOINT WARNING * * *
You feel very sick. The water moccasin barely misses you.
It was a potion of might.
You feel very mighty all of a sudden.
You die...

# ####..........## ##.##
# ##..............##
##[## ##
##................###..#
##.
##.................)#).##
##..
##...###.....^......).)##
##... #...##
##....)......÷..# #...#
...## ###...........)..##
##.### ..##
#.................#
#..### .##
##.........@.......#
##..## ##
#<########S#########
#.... # ###
♣..........K♣♣ ##...
♣.###########.♣# ##.. #
.[..zK'..# ### ##
########.♣# # .#
........♣♣ .# #♣.♣#####
##. ## #..#


You could see a water moccasin.

Vanquished Creatures
  Joseph (D:7)
  A wyvern (D:7)
  A water moccasin (D:7)
  A sky beast (D:7)
  A necrophage (D:6)
  A black bear (D:7)
  7 ogres
  An orc warrior (D:7)
  3 phantoms
  A kobold brigand (D:7)
  2 bullfrogs (D:7)
  4 scorpions
  A water moccasin skeleton (D:7)
  A wight (D:7)
  A crimson imp (D:3)
  4 orc priests
  2 jellies (D:6)
  2 bullfrog zombies (D:6)
  A bullfrog skeleton (D:5)
  A hound (D:4)
  5 iguanas
  3 orc wizards (D:6)
  5 gnolls
  11 adders
  A shadow imp (D:7)
  2 white imps (D:6)
  An ufetubus (D:4)
  An adder skeleton (D:4)
  3 dart slugs
  23 orcs
  6 ball pythons
  8 endoplasms
  2 giant cockroaches
  5 goblins
  5 hobgoblins
  2 jackals (D:4)
  10 kobolds
  7 quokkas
  8 bats
  8 frilled lizards
  4 rats
157 creatures vanquished.

Vanquished Creatures (collateral kills)
  A bullfrog (D:7)
  An adder (D:2)
  A giant cockroach (D:2)
  A foxfire (D:5)
4 creatures vanquished.

Vanquished Creatures (others)
  433 foxfires
433 creatures vanquished.

Grand Total: 594 creatures vanquished

Notes
Turn   | Place    | Note
-------+----------+-------------------------------------------
     0 | D:1      | pokeman the Deep Elf Hedge Wizard began the quest for the
                  | Orb.
     0 | D:1      | Reached XP level 1. HP: 10/10 MP: 7/7
   362 | D:1      | Reached XP level 2. HP: 15/15 MP: 2/9
   625 | D:1      | Reached skill level 5 in Spellcasting
   873 | D:1      | Found a faded altar of an unknown god.
   949 | D:1      | Reached XP level 3. HP: 20/20 MP: 8/11
   953 | D:1      | Learned a level 3 spell: Mephitic Cloud
   956 | D:1      | Learned a level 2 spell: Call Imp
   959 | D:1      | Learned a level 2 spell: Blink
   963 | D:1      | Learned a level 3 spell: Conjure Flame
   996 | D:1      | Learned a level 1 spell: Foxfire
  1444 | D:2      | Reached skill level 1 in Fighting
  1444 | D:2      | Reached skill level 1 in Armour
  1638 | D:2      | Noticed a scorpion
  1646 | D:2      | Reached XP level 4. HP: 20/25 MP: 10/13
  1657 | D:2      | Killed a scorpion
  1658 | D:2      | Reached skill level 6 in Spellcasting
  1658 | D:2      | Reached skill level 1 in Fire Magic
  1805 | D:2      | Reached XP level 5. HP: 29/29 MP: 12/15
  2557 | D:3      | Reached skill level 1 in Air Magic
  2567 | D:3      | Found a radiant altar of Vehumet.
  2567 | D:3      | Found a burning altar of Makhleb.
  2588 | D:3      | Became a worshipper of Vehumet
  2813 | D:3      | Reached XP level 6. HP: 34/34 MP: 11/17
  2820 | D:3      | Reached skill level 1 in Poison Magic
  3257 | D:4      | Reached skill level 7 in Spellcasting
  3257 | D:4      | Reached skill level 1 in Evocations
  3262 | D:4      | Learned a level 4 spell: Flame Wave
  3283 | D:4      | Found a staircase to the Ecumenical Temple.
  3405 | D:4      | Found Xicit's Antique Weapon Boutique.
  3464 | D:4      | Reached XP level 7. HP: 29/39 MP: 16/20
  3917 | D:4      | Identified the +2 whip of Contention {elec, rElec rC+ rN+
                  | Dex-5}
  3960 | D:4      | Reached skill level 8 in Spellcasting
  4002 | D:4      | Reached * piety under Vehumet
  4002 | D:4      | Offered knowledge of Shock by Vehumet.
  4460 | D:5      | Entered Level 5 of the Dungeon
  4630 | D:5      | Reached XP level 8. HP: 43/44 MP: 20/22
  4730 | D:5      | Reached skill level 9 in Spellcasting
  5292 | D:5      | Reached skill level 5 in Conjurations
  5561 | D:6      | Reached skill level 10 in Spellcasting
  5907 | D:6      | Reached ** piety under Vehumet
  5910 | D:6      | Offered knowledge of Scorch by Vehumet.
  6613 | D:6      | Reached XP level 9. HP: 47/48 MP: 22/25
  6808 | D:7      | Reached skill level 11 in Spellcasting
  6808 | D:7      | Reached skill level 5 in Fire Magic
  6809 | D:7      | Noticed Joseph
  7113 | D:7      | Killed Joseph
  7370 | D:7      | Offered knowledge of Searing Ray by Vehumet.
  7749 | D:7      | HP: 2/51 [poisoned by a water moccasin]
  7750 | D:7      | Succumbed to a water moccasin's poison

Illustrated notes

Levels and vault maps discovered:
D:1:      evilmike_arrival_hilbert_curve, layout_loops_ring,
          shapermc_ecumenical_altar_pompeii, grunt_decor_arrowhead
D:2:      layout_loops_ring
D:3:      layout_loops_cross, grunt_temple_overflow_lords_of_destruction
D:4:      layout_basic, minmay_temple_entry_antechambers, serial_shops,
          nicolae_shop_statue_plus, minmay_starry_boxes
D:5:      layout_loops_corners
D:6:      layout_basic, serial_corexii_hall, corexii_hall_statues_i,
          chequers_hall_statues_corner_a
D:7:      nzn_winding_woodlands_three_and_one
          [nzn_winding_woodlands_5x15_longhouse,
          nzn_winding_woodlands_5x15_sawtooth,
          nzn_winding_woodlands_5x15_zeroes,
          nzn_winding_woodlands_center_triple_pond], layout_layer_cave,
          uniq_joseph

Skill      XL: |  1  2  3  4  5  6  7  8  9 |
---------------+----------------------------+-----
Spellcasting   | 5 6 7 8 10 11 | 11.9
Fighting       | 1 2 3 |  3.3
Armour         | 1 3 |  3.0
Conjurations   | 2 3 4 5 6 |  6.7
Fire Magic     | 1 3 4 5 |  5.7
Dodging        | 3 |  3.0
Air Magic      | 1 |  1.0
Stealth        | 3 |  3.0
Poison Magic   | 1 |  1.0
Evocations     | 1 |  1.1
Summonings     | |  1.1
Translocations | |  1.1

Action                   |  1- 3 |  4- 6 |  7- 9 || total
-------------------------+-------+-------+-------++-------
Melee: Dagger            |     5 |    14 |    56 ||    75
 Cast: Magic Dart        |    52 |    18 |    14 ||    84
       Foxfire           |    22 |    95 |   137 ||   254
       Blink             |     1 |       |     2 ||     3
       Call Imp          |     1 |       |     2 ||     3
       Mephitic Cloud    |       |       |    19 ||    19
       Conjure Flame     |       |       |     8 ||     8
       Flame Wave        |       |       |     4 ||     4
  Use: Potion            |       |       |     1 ||     1
 Stab: Confused          |       |       |     3 ||     3
Armor: Robe              |     1 |       |       ||     1
       Leather armour    |       |     4 |    13 ||    17
Dodge: Dodged            |     8 |    11 |    54 ||    73

Table legend: (Time is in decaauts)
 A = Elapsed time spent in this place.
 B = Non-inter-level travel time spent in this place.
 C = Inter-level travel time spent in this place.
 D = Time resting spent in this place.
 E = Time spent auto-exploring this place.
 F = Levels seen in this place.
 G = Mean time per level.
                   A        B        C        D        E       F      G
               +--------+--------+--------+--------+--------+-----+--------+
         Total |   7748 |   7594 |    154 |    417 |   6083 |   7 | 1106.9 |
       Dungeon |   7748 |   7594 |    154 |    417 |   6083 |   7 | 1106.9 |
               +--------+--------+--------+--------+--------+-----+--------+

Top non-repeatable levels by time:
     D:6: 1535 daAuts
     D:4: 1221 daAuts
     D:2: 1106 daAuts
     D:3: 1076 daAuts
     D:1: 1053 daAuts
     D:5: 1015 daAuts
     D:7: 739 daAuts
